 Dungeon Crawl Stone Soup version 0.29.1-12-g30fa7ad0bf (webtiles) character file.

Game seed: 4727999466873749740

141 Gabide the Trooper (level 5, -4/41 HPs)
             Began as a Human Monk on Jan 10, 2023.
             Splashed by a jelly's acid (9 damage)
             ... on level 4 of the Dungeon.
             The game lasted 00:03:47 (3414 turns).

Gabide the Trooper (Human Monk)                     Turns: 3414, Time: 00:03:48

Health: -4/41      AC:  2    Str: 12    XL:     5   Next: 48%
Magic:  5/5        EV: 13    Int: 10    God:
Gold:   145        SH:  0    Dex: 17    Spells: 4/4 levels left

rFire   . . .      SeeInvis .   a - +0 arbalest
rCold   . . .      Faith    .   (shield currently unavailable)
rNeg    . . .      Spirit   .   n - +0 robe
rPois   +          Reflect  .   (no helmet)
rElec   .          Harm     .   (no cloak)
rCorr   .          Rampage  .   (no gloves)
Will    .....                   (no boots)
Stlth   ++........              (no amulet)
HPRegen 0.13/turn               l - ring of poison resistance
MPRegen 0.09/turn               (no ring)

@: no status effects
A: no striking features
a: no special abilities


You were on level 4 of the Dungeon.
You visited 1 branch of the dungeon, and saw 4 of its levels.

You collected 145 gold pieces.

Inventory:

Hand Weapons
 a - a +0 arbalest (weapon)
 b - a +0 dagger of speed
Armour
 n - a +0 robe (worn)
Jewellery
 l - a ring of poison resistance (left hand)
Wands
 p - a wand of flame (11)
Scrolls
 d - 2 scrolls of poison {unknown}
 e - 2 scrolls of blinking {unknown}
 g - a scroll of fog {unknown}
 h - 2 scrolls of vulnerability {unknown}
 i - 4 scrolls of teleportation {unknown}
 j - 2 scrolls of enchant weapon {unknown}
 m - 3 scrolls of identify {unknown}
 r - a scroll of immolation {unknown}
 u - a scroll of summoning {unknown}
Potions
 c - 3 potions of ambrosia
 f - a potion of heal wounds {unknown}
 k - a potion of resistance {unknown}
 o - 2 potions of flight {unknown}
 q - 2 potions of curing {unknown}
 s - a potion of attraction {unknown}
 t - a potion of haste {unknown}


   Skills:
 - Level 3.5 Fighting
 - Level 3.5 Long Blades
 + Level 3.2 Ranged Weapons
 - Level 3.5 Dodging
 - Level 2.0 Stealth


You had 4 spell levels left.
You didn't know any spells.
Your spell library contained the following spells:

 Spells                   Type           Power      Damage    Failure   Level
 Summon Forest            Summ/Tloc      0%         N/A       100%        5
 Eringya's Noxious Bog    Tmut/Pois      0%         N/A       100%        6
 Summon Hydra             Summ           0%         N/A       100%        7


Dungeon Overview and Level Annotations

Branches:
Dungeon (4/15)
 Temple: D:4-7

Altars:
Ashenzari
Fedhas
Gozag
Nemelex Xobeh
Trog
Wu Jian
Xom
Zin


Message History

An orc priest is nearby!
You shoot a bolt. The bolt hits the orc priest!
You kill the orc priest!
You hear a shout!
An orc comes into view. It is wielding a +0 flail.
You hear a shout!
Your Ranged Weapons skill increases to level 3!
You shoot a bolt. The bolt hits the orc!
You kill the orc!
An orc comes into view. It is wielding a +0 dagger.
You shoot a bolt. The bolt hits the orc!!
You kill the orc!
Found a chain mail.
Items here: )) [ †.
You see here a +0 chain mail.
An adder comes into view.
Found 8 gold pieces.
You shoot a bolt. The bolt hits the adder!
The adder hisses angrily.
The adder is almost dead.
You shoot a bolt. The bolt hits the adder!!
You kill the adder!
A jelly comes into view.
You see here a scroll labelled CUFENO PUEW.
You shoot a bolt. The bolt hits the jelly.
The jelly is lightly wounded.
You shoot a bolt. The bolt hits the jelly.
The jelly is heavily wounded.
The jelly barely misses you. x2
You shoot a bolt. The bolt hits the jelly.
The jelly is heavily wounded.
The jelly hits you.
You are splashed with acid!
The jelly hits you.
You are splashed with acid.
You shoot a bolt. The bolt barely misses the jelly.
The jelly hits you.
You are splashed with acid!
The jelly hits you.
You are splashed with acid!
* * * LOW HITPOINT WARNING * * *
The jelly attacks as you move away! The jelly hits you.
* * * LOW HITPOINT WARNING * * *
You are splashed with acid!
You die...

#.#)###.#
#.# ...#.#
#.# ..#
#####.#
#.##.## #.#
#.#...#####
...
#.†........
#.......###
#.........#
#.......#.#
##.@...##
##J..##
##.## $..
.### ##


You could see a jelly.

Vanquished Creatures
  An orc priest (D:4)
  6 adders
  2 worms
  A dart slug (D:4)
  3 orcs (D:4)
  4 ball pythons
  4 bats
  6 endoplasms
  6 giant cockroaches
  3 hobgoblins
  3 kobolds
  3 quokkas
  3 frilled lizards
  3 goblins
  A rat (D:2)
49 creatures vanquished.

Notes
Turn   | Place    | Note
-------+----------+-------------------------------------------
     0 | D:1      | Gabide the Human Monk began the quest for the Orb.
     0 | D:1      | Reached XP level 1. HP: 18/18 MP: 1/1
   110 | D:1      | Reached XP level 2. HP: 24/24 MP: 2/2
   931 | D:2      | Reached XP level 3. HP: 27/29 MP: 3/3
  1695 | D:2      | Reached XP level 4. HP: 35/35 MP: 4/4
  2068 | D:2      | Reached skill level 1 in Ranged Weapons
  2597 | D:3      | Found a bloodstained altar of Trog.
  2597 | D:3      | Found an opulent altar of Gozag.
  2604 | D:3      | Found a glowing silver altar of Zin.
  2605 | D:3      | Found a broken altar of Ashenzari.
  2608 | D:3      | Found a shimmering altar of Xom.
  2610 | D:3      | Found a blossoming altar of Fedhas.
  2610 | D:3      | Found a sparkling altar of Nemelex Xobeh.
  2614 | D:3      | Found an ornate altar of the Wu Jian Council.
  2875 | D:3      | Found a faded altar of an unknown god.
  3366 | D:4      | Reached XP level 5. HP: 41/41 MP: 5/5
  3414 | D:4      | Splashed by a jelly's acid

Illustrated notes

Levels and vault maps discovered:
D:1:      lemuel_arrival_room, layout_basic
D:2:      layout_basic, kennysheep_generic_room_15
D:3:      layout_loops_ring, nicolae_overflow_hallway_of_the_gods,
          hellmonk_ecumenical_altar_lost_god, palyth_stone_intersect,
          minmay_tree_intersection, minivault_24, minmay_misc_feat_nine_boxes
D:4:      layout_loops_ring, led_sif_book

Skill      XL: |  1  2  3  4  5 |
---------------+----------------+-----
Ranged Weapons | 2 3 |  3.2
Fighting       | |  3.5
Long Blades    | |  3.5
Dodging        | |  3.5
Stealth        | |  2.0

Action                   |  1- 3 |  4- 6 || total
-------------------------+-------+-------++-------
Melee: Falchion          |    73 |       ||    73
       Punch             |     1 |       ||     1
       Dagger            |    16 |     6 ||    22
 Fire: Arbalest          |    10 |    50 ||    60
 Stab: Sleeping          |     8 |       ||     8
Armor: Robe              |    21 |     7 ||    28
Dodge: Dodged            |    65 |    26 ||    91
